AoeStats
← BasicOrc4106

Arena

508829141Analyzed
4v4 RM · 8d ago on Sep 24, 2026· 43m 52s· 8 players
Game mode
Random Map
Map size
Large (8 player)
Population
200
Speed
Normal
Resources
Standard
Victory
Conquest
Starting age
Dark Age
Ending age
Imperial Age
RankedLock teamsTeams togetherTeam positionsShared explorationLock speedFull tech treeHidden civsTurbo modeCheats
Victory
Defeat
🇳🇱 Goths · Netherlands
865
+7
🇨🇳 Burgundians · China
805
+9
🇨🇳 Bohemians · China
772
+10
🇷🇴 Turks · Romania
500
+21
🇺🇸 Celts · United States
717
-15
🇺🇸 Persians · United States
666
-13
🇪🇸 Cumans · Spain
586
-10
🇯🇵 Italians · Japan
568
-9
Paradox™
8:31 Loom
12:27 Feudal Age
18:10 Castle Age
16:46 Double-Bit Axe
19:18 Bow Saw
18:50 Horse Collar
25:16 Forging
25:14 Scale Barding Armor
25:54 Wheelbarrow
26:30 Caravan
26:35 Gold Mining
26:38 Stone Mining
27:28 Iron Casting
30:21 Hand Cart
30:32 Chain Barding Armor
32:20 Gold Shaft Mining
32:20 Stone Shaft Mining
31:52 Scale Mail Armor
35:50 Heavy Plow
38:35 Imperial Age
36:24 Chain Mail Armor
36:15 Kamandaran
38:55 Elite War Elephant
40:33 Conscription
40:50 Hoardings
44:01 Blast Furnace
43:31 Plate Mail Armor
43:37 Plate Barding Armor
42:25 Heavy Scorpion
43:44 Crop Rotation
44:17 Two-Man Saw
43:38 Fletching
43:49 Padded Archer Armor
BasicOrc4106
0:37 Loom
Jawaharlal NEHRU
12:26 Feudal Age
10:44 Loom
12:31 Feudal Age
15:05 Double-Bit Axe
18:21 Castle Age
18:14 Gold Mining
18:58 Horse Collar
23:48 Wheelbarrow
23:26 Treadmill Crane
24:20 Fletching
23:58 Crossbowman
25:44 Stone Mining
25:54 Pikeman
26:35 Squires
26:48 Town Watch
29:50 Bloodlines
29:57 Masonry
29:58 Fortified Wall
30:10 Ballistics
31:43 Silk Road
31:26 Caravan
35:24 Thumb Ring
34:42 Elite Skirmisher
40:30 Imperial Age
Belay
0:36 Loom
12:33 Feudal Age
14:41 Double-Bit Axe
21:56 Horse Collar
24:53 Gold Mining
24:53 Stone Mining
25:17 Forging
25:07 Scale Mail Armor
25:12 Scale Barding Armor
24:58 Fletching
25:08 Padded Archer Armor
25:05 Arson
31:06 Castle Age
28:54 Town Watch
31:26 Bloodlines
32:54 Pikeman
33:35 Squires
32:57 Capped Ram
34:18 Iron Casting
33:58 Chain Mail Armor
34:04 Chain Barding Armor
33:40 Bodkin Arrow
34:00 Leather Archer Armor
33:21 Light Cavalry
36:20 Ballistics
43:24 Imperial Age
爆脆星星堡
12:25 Feudal Age
12:52 Double-Bit Axe
16:30 Wheelbarrow
18:24 Horse Collar
20:21 Loom
26:37 Castle Age
27:28 Bow Saw
27:21 Heavy Plow
27:39 Hand Cart
31:36 Chemistry
31:06 Masonry
34:19 Squires
37:25 Imperial Age
34:51 Pikeman
36:46 Arson
37:29 Ballistics
37:36 Ballistics
40:28 Two-Man Saw
39:11 Halberdier
41:42 Houfnice
hayate kokoa
0:40 Loom
11:51 Feudal Age
11:01 Double-Bit Axe
15:51 Castle Age
19:43 Horse Collar
21:11 Fervor
24:02 Heavy Plow
29:39 Imperial Age
27:45 Wheelbarrow
26:55 Town Watch
27:43 Bow Saw
27:29 Gold Mining
28:49 Hand Cart
28:53 Forging
28:49 Scale Barding Armor
29:48 Stone Mining
30:36 Gold Shaft Mining
30:34 Burgundian Vineyards
30:54 Conscription
30:39 Husbandry
29:59 Cavalier
32:58 Chemistry
31:38 Treadmill Crane
32:16 Paladin
33:36 Iron Casting
33:03 Padded Archer Armor
34:21 Stone Shaft Mining
37:53 Blast Furnace
37:14 Chain Barding Armor
37:10 Leather Archer Armor
DJ RaveN
0:30 Loom
16:19 Feudal Age
16:53 Town Watch
17:44 Horse Collar
26:06 Castle Age
25:53 Padded Archer Armor
25:44 Fletching
25:48 Stone Mining
31:09 Double-Bit Axe
35:35 Wheelbarrow
40:49 Leather Archer Armor
41:54 Hand Cart
41:36 Gold Mining
43:43 Bodkin Arrow
NewTrinity78
1:41 Loom
10:58 Feudal Age
12:06 Horse Collar
12:26 Double-Bit Axe
18:03 Castle Age
16:50 Scale Mail Armor
17:35 Forging
24:39 Heavy Plow
24:52 Bow Saw
26:24 Iron Casting
30:02 Imperial Age
28:08 Wheelbarrow
28:00 Chain Mail Armor
29:31 Pikeman
30:12 Squires
30:34 Anarchy
30:45 Perfusion
32:33 Blast Furnace
31:23 Fletching
32:06 Halberdier
32:19 Man-at-Arms
34:07 Conscription
33:42 Long Swordsman
35:09 Elite Huskarl
35:15 Two-Handed Swordsman
36:15 Champion
38:29 Bodkin Arrow
Connection lost

Rejoining the realm…

Still unreachable

The connection could not be restored.

Session expired

The server has moved on; the page needs a fresh start.